 Dungeon Crawl Stone Soup version 0.31-a0-949-g57150269e1 (webtiles) character file.

Game seed: 15756337274132809647

3087 pokeman the Thaumaturge (level 9, -5/49 HPs)
             Began as a Deep Elf Hedge Wizard on Oct 20, 2023.
             Was a Follower of Vehumet.
             Shot with an arrow by a centaur (8 damage)
             ... on level 7 of the Dungeon on Oct 21, 2023.
             The game lasted 00:20:15 (9647 turns).

pokeman the Thaumaturge (Deep Elf Hedge Wizard)     Turns: 9647, Time: 00:20:16

Health: -5/49      AC:  4    Str:  7    XL:     9   Next: 59%
Magic:  24/27      EV: 13    Int: 24    God:    Vehumet [*.....]
Gold:   395        SH:  0    Dex: 14    Spells: 20/33 levels left

rFire   . . .        A - +1 dagger (venom)
rCold   + . .        (no shield)
rNeg    . . .        b - +0 robe
rPois   .            c - +0 hat
rElec   .            (no cloak)
rCorr   +            C - +0 pair of gloves
SInv    .            p - +0 pair of boots
Will    .....        (no amulet)
Stlth   ++           u - ring of protection from cold
HPRegen 0.28/turn    x - ring of resist corrosion
MPRegen 0.20/turn

%: no passive effects
@: no status effects
A: no striking features
a: Renounce Religion


You were on level 7 of the Dungeon.
You worshipped Vehumet.
Vehumet was aware of your devotion.
You visited 2 branches of the dungeon, and saw 8 of its levels.

You collected 395 gold pieces.

Inventory:

Hand Weapons
 A - a +1 dagger of venom (weapon)
Missiles
 y - 6 curare-tipped darts
Armour
 b - a +0 robe (worn)
 c - a +0 hat (worn)
 p - a +0 pair of boots (worn)
 q - a +0 buckler
 C - a +0 pair of gloves (worn)
Jewellery
 u - a ring of protection from cold (left hand)
 x - a ring of resist corrosion (right hand)
Wands
 o - a wand of digging (9)
Scrolls
 a - a scroll of enchant weapon {unknown}
 e - a scroll of revelation {unknown}
 g - a scroll of fog {unknown}
 h - 5 scrolls of identify {unknown}
 i - 3 scrolls of vulnerability {unknown}
 j - a scroll of noise {unknown}
 l - 4 scrolls of poison {unknown}
 m - a scroll of brand weapon {unknown}
 n - a scroll of immolation {unknown}
 z - 2 scrolls of blinking {unknown}
 E - a scroll of teleportation {unknown}
 G - a scroll of amnesia {unknown}
 H - a scroll of fear {unknown}
 I - a scroll of butterflies {unknown}
Potions
 d - a potion of magic
 f - 2 potions of might {unknown}
 k - 3 potions of curing {unknown}
 r - a potion of mutation {unknown}
 s - a potion of enlightenment {unknown}
 t - a potion of degeneration {unknown}
 v - a potion of heal wounds {unknown}
 w - 2 potions of lignification {unknown}
 B - 2 potions of ambrosia {unknown}
 D - 2 potions of attraction {unknown}
 F - 3 potions of brilliance {unknown}
 J - a potion of haste {unknown}


   Skills:
 - Level 2.3 Fighting
 - Level 2.0 Armour
 - Level 3.2 Dodging
 - Level 3.0 Stealth
 + Level 3.6 Shields
 * Level 12.7 Spellcasting
 + Level 7.1 Conjurations
 - Level 1.1 Summonings
 - Level 1.1 Translocations
 - Level 1.1 Transmutations
 - Level 1.1 Air Magic
 - Level 1.1 Poison Magic
 - Level 1.2 Evocations


You had 20 spell levels left.
You knew the following spells:

 Your Spells              Type           Power      Damage    Failure   Level
a - Magic Dart            Conj           100%       1d8       1%          1
b - Mephitic Cloud        Conj/Pois/Air  30%        N/A       3%          3
c - Call Imp              Summ           40%        N/A       3%          2
d - Blink                 Tloc           40%        N/A       3%          2
e - Irradiate             Conj/Tmut      17%        3d17      21%         5

Your spell library contained the following spells:

 Spells                   Type           Power      Damage    Failure   Level
 Sandblast                Erth           30%        2d9       4%          1
 Dazzling Flash           Conj/Hex       64%        N/A       2%          3
 Necrotise                Necr           60%        1d7       4%          1
 Slow                     Hex            60%        N/A       4%          1
 Cigotuvi's Dreadful Rot  Necr/Pois/Air  36%        N/A       4%          2
 Sublimation of Blood     Necr           15%        N/A       6%          2
 Frozen Ramparts          Ice            30%        1d5       12%         3
 Vampiric Draining        Necr           15%        2d7       12%         3
 Arcjolt                  Conj/Air       17%        1d27      21%         5
 Vhi's Electric Charge    Tloc/Air       40%        N/A       26%         4
 Petrify                  Tmut/Erth      18%        N/A       30%         4
 Silence                  Hex/Air        9%         N/A       65%         5
 Agony                    Necr           15%        N/A       73%         5
 Metabolic Englaciation   Hex/Ice        7%         N/A       73%         5
 Maxwell's Capacitive Co  Air            10%        ∞         100%        8


Dungeon Overview and Level Annotations

Branches:
Dungeon (7/15)             Temple (1/1) D:4

Altars:
Ashenzari
Cheibriados
Dithmenos
Elyvilon
Fedhas
Gozag
Hepliaklqana
Kikubaaqudgha
Nemelex Xobeh
Okawaru
Qazlal
Ru
Trog
Uskayaw
Vehumet
Wu Jian
Xom
Yredelemnul
Zin
The Shining One

Shops:
D:7 ?!!(

Annotations:
D:6 1 runed translucent door, Persephone's ghost, novice TrSh


Message History

The gnoll barely misses you.
You catch the helpless gnoll completely off-guard!
You puncture the gnoll!
You kill the gnoll!
Vehumet accepts your kill.
Things that are here:
a +0 whip; a gnoll corpse You now have 388 gold pieces (gained 28).
Things that are here:
a +0 whip; a +0 leather armour; a gnoll corpse
Things that are here:
a +0 spear; a gnoll corpse Magic restored.
HP restored.
Things that are here:
a +0 whip; a +0 leather armour; a gnoll corpse
Things that are here:
a +0 whip; a gnoll skeleton You now have 395 gold pieces (gained 7).
Things that are here:
a +0 flail; a gnoll skeleton A centaur comes into view.
The centaur shouts!
The centaur wields a +2 orcbow of flaming.
It bursts into flame!
The centaur shoots an arrow.
The arrow barely misses you.
The centaur shoots an arrow.
The arrow hits you. The arrow burns you.
The centaur shoots an arrow.
The arrow hits you!! The arrow burns you!
The centaur shoots an arrow.
The arrow closely misses you.
The centaur shoots an arrow.
The arrow misses you.
Casting: Mephitic Cloud (dangerous; 3% risk of failure)
Confirm with . or Enter, or press ? or * to list all spells.
Aiming: Mephitic Cloud (dangerous; 3% risk of failure)
Press: ? - help, Shift-Dir - straight line The ball explodes into a vile cloud!
The stinking cloud engulfs the centaur but does no damage.
The centaur is engulfed in noxious fumes.
The centaur shoots an arrow.
The arrow hits you!!
* * * LOW HITPOINT WARNING * * *
The arrow burns you!
You die...

....8.#(8..................)....#
.##..[#.........###..#.#...#.#...
..#..###.......................#.
<.#.#####.................#.#....
#................###.#.........#.
###.......######.# ###.....#.#...
###.#.#.# #.# #..........#
#.#.#.# #.# #....#...#.. #.#.#.#
#@# #......#.... #####.#.#.# #.#
#....#...#.. ....#.#.#.# #.#
#..........# ###.#.#.#.# #.#
#.....#.#... #.#.#.#.# #☼#
#...#.....#. #.#.#.#.# #c#
#......#.... ###.#.#.#.#
#.######.###....#. ........#.#
#......>......#...
###.#####.#############.####...##


You could see a centaur.

Vanquished Creatures
  Pikel (D:4)
  Edmund (D:4)
  2 water moccasins
  3 black bears
  3 sky beasts
  An ogre (D:5)
  A centaur (D:7)
  2 phantoms
  A bullfrog (D:7)
  Blork the orc (D:6)
  3 scorpions
  5 wights (D:6)
  4 hounds
  A jelly (D:7)
  A gnoll bouda (D:7)
  2 orc priests
  2 iguanas
  2 sleepcaps
  Natasha (thrice) (D:4)
  5 orc wizards
  8 gnolls
  11 adders
  A shadow imp (D:5)
  2 white imps
  2 ufetubi (D:6)
  2 worms
  3 dart slugs
  15 orcs
  11 endoplasms
  2 giant cockroaches
  5 goblins
  6 hobgoblins
  5 jackals
  10 kobolds
  4 quokkas (D:1)
  7 ball pythons
  7 bats
  4 frilled lizards
  6 rats
155 creatures vanquished.

Vanquished Creatures (collateral kills)
  A sleepcap (D:5)
  A white imp (D:6)
2 creatures vanquished.

Grand Total: 157 creatures vanquished

Notes
Turn   | Place    | Note
-------+----------+-------------------------------------------
     0 | D:1      | pokeman the Deep Elf Hedge Wizard began the quest for the
                  | Orb.
     0 | D:1      | Reached XP level 1. HP: 10/10 MP: 7/7
   365 | D:1      | Reached XP level 2. HP: 16/16 MP: 7/9
  1087 | D:1      | Reached skill level 5 in Spellcasting
  1122 | D:1      | You fall into a shaft and drop 1 floor!
  1170 | D:2      | Reached XP level 3. HP: 11/20 MP: 5/11
  1185 | D:2      | Learned a level 3 spell: Mephitic Cloud
  1188 | D:2      | Learned a level 2 spell: Call Imp
  1191 | D:2      | Learned a level 2 spell: Blink
  1509 | D:2      | Found a faded altar of an unknown god.
  2159 | D:2      | Reached skill level 1 in Fighting
  2159 | D:2      | Reached skill level 1 in Armour
  2404 | D:2      | Reached XP level 4. HP: 25/25 MP: 5/13
  3204 | D:3      | Found a stormy altar of Qazlal.
  3240 | D:3      | Found a snail-covered altar of Cheibriados.
  3815 | D:4      | Reached skill level 6 in Spellcasting
  3821 | D:4      | Noticed Edmund
  3823 | D:4      | Reached XP level 5. HP: 24/29 MP: 2/15
  4033 | D:4      | Noticed a phantom
  4051 | D:4      | Killed a phantom
  4052 | D:4      | Reached skill level 1 in Shields
  4312 | D:4      | Found a staircase to the Ecumenical Temple.
  4652 | D:4      | Noticed a lemure
  4878 | D:4      | Noticed a black bear
  4892 | D:4      | Killed a black bear
  4893 | D:4      | Reached skill level 7 in Spellcasting
  4893 | D:4      | Reached skill level 1 in Evocations
  4893 | D:4      | Reached XP level 6. HP: 23/34 MP: 3/18
  4905 | D:4      | Learned a level 5 spell: Irradiate
  5163 | D:4      | Killed Edmund
  5164 | D:4      | Reached skill level 1 in Transmutations
  5164 | D:4      | Reached skill level 1 in Air Magic
  5164 | D:4      | Reached skill level 1 in Poison Magic
  5164 | D:4      | Reached XP level 7. HP: 35/38 MP: 12/20
  5439 | D:4      | Noticed Pikel
  5485 | D:4      | Killed Pikel
  5486 | D:4      | Reached skill level 9 in Spellcasting
  5486 | D:4      | Reached XP level 8. HP: 38/45 MP: 16/23
  5609 | D:4      | Noticed Natasha
  5622 | D:4      | Killed Natasha
  5656 | D:4      | Noticed Natasha
  5659 | D:4      | Killed Natasha
  5689 | Temple   | Entered the Ecumenical Temple
  5725 | Temple   | Became a worshipper of Vehumet
  5984 | D:4      | Noticed Natasha
  5987 | D:4      | Killed Natasha
  5988 | D:4      | Reached skill level 5 in Conjurations
  6063 | D:5      | Entered Level 5 of the Dungeon
  6196 | D:5      | Reached skill level 10 in Spellcasting
  6684 | D:5      | Reached * piety under Vehumet
  6684 | D:5      | Offered knowledge of Sandblast by Vehumet.
  7300 | D:6      | Reached skill level 11 in Spellcasting
  7386 | D:6      | Reached XP level 9. HP: 45/49 MP: 21/26
  7537 | D:6      | Found a runed translucent door.
  7616 | D:6      | Noticed Persephone's ghost (novice TrSh)
  7764 | D:6      | Noticed Blork the orc
  7771 | D:6      | Killed Blork the orc
  8205 | D:6      | Reached skill level 12 in Spellcasting
  8583 | D:7      | Found Jaudiele's Magic Scroll Emporium.
  8583 | D:7      | Found Ruwnob's Distillery.
  8583 | D:7      | Found Fipepsil's Distillery.
  8585 | D:7      | Found Bidodeh's Antique Weapon Emporium.
  8650 | D:7      | Upgraded the game from 0.31-a0-940-gdaa99269f9 to
                  | 0.31-a0-949-g57150269e1
  9647 | D:7      | Shot with an arrow by a centaur

Illustrated notes

Levels and vault maps discovered:
D:1:      erik_arrival_triangle_huge, layout_loops_corners
D:2:      layout_rooms, ebering_ecumenical_altar_sacrificial
D:3:      layout_loops_ring, cheibrodos_worm_habitat,
          nicolae_overflow_hidden_temple, amcnicky_mini_rare_corridor_liquid
D:4:      layout_gridville, temple_pool_b, uniq_pikel, uniq_edmund, uniq_natasha
D:5:      layout_basic
D:6:      layout_cave_pods, gammafunk_ghost_grave, uniq_blork_the_orc
D:7:      layout_basic, nicolae_kite_square_tiling_tiny,
          nicolae_wooded_promenade, abandoned_shop, mrwooster_statue_mirror
Temple:   mainiacjoe_temple_bowtie_tessellation

Skill      XL: |  1  2  3  4  5  6  7  8  9 |
---------------+----------------------------+-----
Spellcasting   | 5 6 7 9 11 12 | 12.7
Fighting       | 1 2 |  2.3
Armour         | 1 2 |  2.0
Conjurations   | 2 3 4 6 7 |  7.1
Dodging        | 3 |  3.2
Shields        | 1 2 3 |  3.6
Stealth        | 3 |  3.0
Evocations     | 1 |  1.2
Transmutations | 1 |  1.1
Air Magic      | 1 |  1.1
Poison Magic   | 1 |  1.1
Summonings     | |  1.1
Translocations | |  1.1

Action                     |  1- 3 |  4- 6 |  7- 9 || total
---------------------------+-------+-------+-------++-------
  Melee: Dagger            |    24 |    37 |   110 ||   171
         Punch             |       |       |     3 ||     3
   Cast: Magic Dart        |   126 |   126 |   201 ||   453
         Mephitic Cloud    |       |    11 |    25 ||    36
         Call Imp          |       |       |     8 ||     8
         Irradiate         |       |       |     3 ||     3
   Stab: Confused          |       |     5 |    10 ||    15
 Armour: Robe              |    39 |    29 |    95 ||   163
  Dodge: Dodged            |    61 |    36 |    85 ||   182

Table legend: (Time is in decaauts)
 A = Elapsed time spent in this place.
 B = Non-inter-level travel time spent in this place.
 C = Inter-level travel time spent in this place.
 D = Time resting spent in this place.
 E = Time spent auto-exploring this place.
 F = Levels seen in this place.
 G = Mean time per level.
                   A        B        C        D        E       F      G
               +--------+--------+--------+--------+--------+-----+--------+
         Total |   9668 |   9244 |    424 |    674 |   7092 |   8 | 1208.5 |
       Dungeon |   9598 |   9241 |    357 |    674 |   7092 |   7 | 1371.1 |
        Temple |     69 |      2 |     67 |      0 |      0 |   1 |   69.0 |
               +--------+--------+--------+--------+--------+-----+--------+

Top non-repeatable levels by time:
     D:4: 1826 daAuts
     D:1: 1659 daAuts
     D:6: 1641 daAuts
     D:3: 1528 daAuts
     D:7: 1002 daAuts
     D:2: 999 daAuts
     D:5: 941 daAuts
  Temple: 69 daAuts
